 Dungeon Crawl Stone Soup version 0.24-a0-525-g9231cdcba1 (webtiles) character file.

Game seed: 4636295392401332711

24 Delarado the Changer (level 3, -6/31 HPs)
             Began as a Naga Transmuter on Aug 1, 2019.
             Mangled by a worm (8 damage)
             ... on level 2 of the Dungeon on Aug 2, 2019.
             The game lasted 00:04:48 (1749 turns).

Delarado the Changer (Naga Transmuter)              Turns: 1749, Time: 00:04:48

Health: -6/31      AC:  2    Str: 12    XL:     3   Next: 2%
Magic:  5/6        EV: 10    Int: 14    God:
Gold:   55         SH:  0    Dex: 11    Spells: 3/6 levels left

rFire    . . .     SeeInvis +     - Unarmed
rCold    . . .     Gourm    .   (no shield)
rNeg     . . .     Faith    .   b - +0 robe
rPois    +         Spirit   .   (no helmet)
rElec    .         Reflect  .   (no cloak)
rCorr    .         Harm     .   (no gloves)
MR       .....                  (no barding)
Stlth    +.........             (no amulet)
HPRegen  0.10/turn              (no ring)
MPRegen  0.10/turn              (no ring)

@: short of breath, appendage, very slightly contaminated, very slow
A: large, horns 2, see invisible, deformed body, poison resistance, slowness 2,
slow metabolism 1, spit poison 1, AC +1
a: Spit Poison, End Transformation


You were on level 2 of the Dungeon.
You were very hungry.
You had grown temporary horns.
You visited 1 branch of the dungeon, and saw 2 of its levels.

You collected 55 gold pieces.

Inventory:

Missiles
 a - 12 arrows
 e - 52 stones (quivered)
Armour
 b - a +0 robe (worn)
 c - a +0 scale mail
Scrolls
 g - 3 scrolls of identify {unknown}
 i - a scroll of teleportation {unknown}
 l - a scroll of amnesia {unknown}
Potions
 f - a potion of curing {unknown}
 h - a potion of experience {unknown}
 j - a potion of heal wounds {unknown}
 k - a potion of flight {unknown}
 m - a potion of agility {unknown}
Comestibles
 d - 2 rations


   Skills:
 - Level 1.0 Fighting
 - Level 1.5 Dodging
 - Level 3.0 Unarmed Combat
 - Level 2.0 Spellcasting
 + Level 3.4 Transmutations


You had 3 spell levels left.
You knew the following spells:

 Your Spells              Type           Power        Failure   Level  Hunger
a - Beastly Appendage     Tmut           ##....       6%          1    ##.....
b - Sticks to Snakes      Tmut           ##......     9%          2    ###....

Your spell library contained the following spells:

 Spells                   Type           Power        Failure   Level  Hunger
 Spider Form              Tmut/Pois      #.........   34%         3    ####...
 Ice Form                 Ice/Tmut       #.......     75%         4    #####..
 Blade Hands              Tmut           ##........   85%         5    ######.


Dungeon Overview and Level Annotations

Branches:
Dungeon (2/15)

Altars:
Makhleb

Annotations:
D:2 Jessica


Innate Abilities, Weirdness & Mutations

You cannot wear boots.
Your serpentine skin is tough. (AC +1)
You have supernaturally acute eyesight. (SInv)
Armour fits poorly on your strangely shaped body.
Your system is resistant to poisons. (rPois)
You cover ground very slowly.
You have a slow metabolism.
You can spit poison.
You have a pair of horns on your head.


Message History

The worm bites you!
* * * LOW HITPOINT WARNING * * *
You are feeling very hungry.
You hit the worm.
The worm is severely wounded.
You barely miss the worm.
The worm is severely wounded.
The worm bites you.
* * * LOW HITPOINT WARNING * * *
You hit the worm.
You headbutt the worm, but do no damage.
The worm is severely wounded.
Jessica the Apprentice Sorceress comes into view.
She is wielding a +0 dagger.
Press: ? - help, Shift-Dir - straight line, f/p - worm
Aim: a worm (heavily wounded)
The splash of poison hits the worm but does no damage.
The worm is poisoned.
The worm is heavily wounded.
You feel slightly more hungry. The worm bites you!
You die...

....##+###.#
....#...##.#
...........#
.........######
###.........<#
#......#####.
#............
#..>..w######
....#...@# .
....#....# ..
.... #.#### ..
....... .#
..... .# .....
.# ...@ # #


You could see a worm.

Vanquished Creatures
  An ooze (D:1)
  4 bats (D:1)
  A giant cockroach (D:1)
  A goblin (D:2)
  3 hobgoblins (D:1)
  2 frilled lizards (D:1)
  5 kobolds (D:1)
  3 rats (D:1)
20 creatures vanquished.

Notes
Turn   | Place    | Note
-------+----------+-------------------------------------------
     0 | D:1      | Delarado the Naga Transmuter began the quest for the Orb.
     0 | D:1      | Reached XP level 1. HP: 18/18 MP: 3/3
   268 | D:1      | Reached XP level 2. HP: 25/25 MP: 5/5
   912 | D:1      | Found a burning altar of Makhleb.
  1528 | D:1      | Learned a level 2 spell: Sticks to Snakes
  1570 | D:2      | Reached XP level 3. HP: 26/31 MP: 4/6
  1745 | D:2      | HP: 1/31 [worm (6)]
  1747 | D:2      | Noticed Jessica
  1749 | D:2      | Mangled by a worm

Levels and vault maps discovered:
D:1:      sevenhm_arrival_forest_fort_small_6, layout_basic,
          minmay_close_crescents
D:2:      layout_basic, lemuel_doored_altar, uniq_robin, uniq_terence,
          uniq_jessica

Skill      XL: |  1  2 |
---------------+-------+-----
Transmutations | 3 |  3.4
Fighting       | |  1.0
Dodging        | |  1.5
Unarmed Combat | |  3.0
Spellcasting   | |  2.0

Action                   || total
-------------------------++-------
Melee: Unarmed           ||    40
       Headbutt          ||     4
Throw: Stone             ||    10
 Cast: Beastly Appendage ||    11
 Abil: Spit Poison       ||    19
  Eat: Chunk             ||     2
Armor: Robe              ||     9
Dodge: Dodged            ||    21

Table legend:
 A = Non-vault XP
 B = Vault XP
 C = Vault XP percentage of total XP
 D = Non-vault monster count
 E = Vault monster count
 F = Vault count percentage of total count
                 A         B        C        D         E       F
            +---------+---------+-------+---------+---------+-------
      Total |      32 |       3 |   8.6 |      17 |       3 |  15.0
            +---------+---------+-------+---------+---------+-------
        D:1 |      30 |       3 |   9.1 |      16 |       3 |  15.8
        D:2 |       2 |       0 |   0.0 |       1 |       0 |   0.0
            +---------+---------+-------+---------+---------+-------
